 Dungeon Crawl Stone Soup version 0.19.1-1-g22dce08 (webtiles) character file.

194 RedPan the Slasher (level 5, -3/38 HPs)
             Began as a Demonspawn Gladiator on Dec 31, 2016.
             Slain by cuckmaster's ghost (8 damage)
             ... on level 3 of the Dungeon.
             The game lasted 00:05:24 (2180 turns).

RedPan the Slasher (Demonspawn Gladiator)           Turns: 2180, Time: 00:05:25

Health: -3/38      AC: 13    Str: 15    XL:     5   Next: 44%
Magic:  5/5        EV: 13    Int: 13    God:
Gold:   101        SH:  0    Dex: 14    Spells: 0 memorised, 4 levels left

rFire  . . .     SeeInvis .     a - +0 long sword
rCold  . . .     Gourm    .     t - +0 ring mail
rNeg   . . .     Faith    .     (no shield)
rPois  .         Spirit   .     c - +0 helmet
rElec  .         Reflect  .     x - +0 cloak
rCorr  .         Harm     .     (no gloves)
MR     .....                    (no boots)
Stlth  +.........               (no amulet)
                                e - +3 ring of intelligence
                                y - +2 ring of evasion

@: sanguine armour
A: claws 1, rot immunity, sanguine armour 1
a: no special abilities


You were on level 3 of the Dungeon.
You were hungry.

You visited 1 branch of the dungeon, and saw 3 of its levels.

You collected 101 gold pieces.

Inventory:

Hand Weapons
 a - a +0 long sword (weapon)
Missiles
 d - 3 throwing nets (quivered)
Armour
 b - a +0 leather armour
 c - a +0 helmet (worn)
 t - a +0 ring mail (worn)
 x - a +0 cloak (worn)
Jewellery
 e - a +3 ring of intelligence (right claw)
 y - a +2 ring of evasion (left claw)
Scrolls
 j - a scroll of noise {unknown}
 l - 6 scrolls of identify {unknown}
 m - 4 scrolls of magic mapping {unknown}
 n - a scroll of enchant weapon {unknown}
 p - a scroll of random uselessness {unknown}
 q - 3 scrolls of immolation {unknown}
 r - a scroll of amnesia {unknown}
 s - a scroll of enchant armour {unknown}
 u - 2 scrolls of teleportation {unknown}
 v - a scroll of fog {unknown}
 C - a scroll of remove curse {unknown}
Potions
 g - a potion of haste {unknown}
 h - a potion of heal wounds {unknown}
 i - 2 potions of ambrosia {unknown}
 o - 2 potions of flight {unknown}
 w - 3 potions of brilliance {unknown}
 z - a potion of agility
Comestibles
 f - 4 bread rations
 k - a slice of pizza
 A - 2 chunks of flesh
 B - a beef jerky


   Skills:
 - Level 2.0 Fighting
 + Level 5.7 Long Blades
 - Level 1.7 Throwing
 - Level 2.6 Dodging


You had 4 spell levels left.
You didn't know any spells.

Dungeon Overview and Level Annotations

Branches:
Dungeon (3/15)

Altars:
Gozag
Uskayaw
Zin

Annotations:
D:3 cuckmaster's ghost, amateur OpBe


Innate Abilities, Weirdness & Mutations

You have sharp fingernails.
You are immune to rotting.
When seriously injured, your bleeding wounds create armour. (AC +6)


Message History

Cuckmaster's ghost hits you but does no damage.
You barely miss cuckmaster's ghost.
Cuckmaster's ghost is almost destroyed.
You are feeling hungry.
Cuckmaster's ghost hits you.
You barely miss cuckmaster's ghost.
Cuckmaster's ghost is almost destroyed.
Cuckmaster's ghost closely misses you.
You miss cuckmaster's ghost.
Cuckmaster's ghost is almost destroyed.
Cuckmaster's ghost hits you.
You closely miss cuckmaster's ghost.
Cuckmaster's ghost is almost destroyed.
Cuckmaster's ghost hits you!
* * * LOW HITPOINT WARNING * * *
You are too injured to fight recklessly!
You hit cuckmaster's ghost.
Cuckmaster's ghost is almost destroyed.
Cuckmaster's ghost hits you!
You die...

...#####..#..#####.#..###
#(...#..##.######......#
#...........#...##.##.#
#.....###...........##>#
#...#####.......)...###.#
#..# ##...........# #.#
...## #.............###.####
##..###.##.....W...........#
#..?....###.....@.)..(.....#
#.8.8.8.# ####.#..#........#
((......######.#.##........#
..............(..###########
.#$%....###...#.##
.#_)..........#.# #####
.#.!.....##.#...###...##
........###.##.........##
o.......# .. ##.#.......#


You could see cuckmaster's ghost.

Vanquished Creatures
  An orc priest (D:3)
  An orc wizard (D:3)
  3 adders (D:3)
  5 oozes
  3 worms (D:2)
  2 dart slugs
  5 leopard geckos
  7 orcs (D:3)
  2 ball pythons
  A giant cockroach (D:2)
  9 goblins
  6 hobgoblins
  6 jackals
  5 bats
  3 frilled lizards
  2 kobolds
  8 rats
69 creatures vanquished.

Notes
Turn   | Place    | Note
-------+----------+-------------------------------------------
     0 | D:1      | RedPan the Demonspawn Gladiator began the quest for the Orb.
     0 | D:1      | Reached XP level 1. HP: 16/16 MP: 1/1
    54 | D:1      | Reached skill level 3 in Long Blades
    75 | D:1      | Gained mutation: When seriously injured, your bleeding wounds create armour. (AC +6) [demonic ancestry]
    75 | D:1      | Reached XP level 2. HP: 22/22 MP: 2/2
   328 | D:1      | Gained mutation: You have sharp fingernails. [demonic ancestry]
   328 | D:1      | Reached XP level 3. HP: 9/27 MP: 3/3
   673 | D:1      | Reached skill level 4 in Long Blades
  1228 | D:2      | Gained mutation: You are immune to rotting. [demonic ancestry]
  1228 | D:2      | Reached XP level 4. HP: 25/33 MP: 4/4
  1233 | D:2      | Found an opulent altar of Gozag.
  1376 | D:2      | Found a glowing silver altar of Zin.
  1498 | D:3      | Found a hide-covered altar of Uskayaw.
  1519 | D:3      | Reached skill level 5 in Long Blades
  1541 | D:3      | Reached XP level 5. HP: 13/38 MP: 5/5
  1640 | D:3      | Noticed cuckmaster's ghost (amateur OpBe)
  2180 | D:3      | Slain by cuckmaster's ghost

Skill      XL: |  1  2  3  4 |
---------------+-------------+-----
Long Blades    | 3 4 5 |  5.7
Fighting       | |  2.0
Throwing       | |  1.7
Dodging        | |  2.6

Action                   |  1- 3 |  4- 6 || total
-------------------------+-------+-------++-------
Melee: Long sword        |   100 |   116 ||   216
 Stab: Sleeping          |     2 |       ||     2
  Eat: Chunk             |     1 |     3 ||     4
Armor: Leather armour    |    33 |       ||    33
       Ring mail         |    17 |    61 ||    78
Dodge: Dodged            |    72 |    62 ||   134
       Rpst.: Long sword |    23 |    22 ||    45
